Map: Romanticide LE

Players

Bunny

  • Race: Terran Terran
  • Spawn Location: 11:00

Dark - Winner!

  • Race: Zerg Zerg
  • Spawn Location: 5:00

Event: IEM Katowice 2021

VOD

Have the link to the VOD?

Description

Time

  • Played on: Feb. 23, 2021, 9:17 a.m.
  • Length: 25:06

All games in this series

Show
View Real Time Build Order
Export as new Build Order

Bunny Terran 

Build Orders: Reaper Expand 

Get SALT Encoding   

  12  0:00  SCV  
  13  0:12  SCV  
  14  0:17  Supply Depot  
  14  0:24  SCV  
  15  0:38  SCV  
  15  0:40  Barracks  
  16  0:42  Refinery  
  16  0:50  SCV  
  17  1:02  SCV  
  18  1:14  SCV  
  19  1:27  Reaper, Orbital Command  
  20  1:37  Command Center  
  20  1:46  Supply Depot  
  20  1:52  SCV  
  21  1:58  Marine  
  22  2:04  SCV  
  22  2:07  Factory  
  23  2:16  SCV  
  23  2:19  Barracks Reactor  
  24  2:28  SCV  
  25  2:40  SCV, Command Center  
  26  2:49  Orbital Command  
  26  2:52  SCV  
  26  2:57  Starport  
  27  3:05  SCV, Hellion  
  30  3:08  Hellion  
  30  3:11  Barracks Tech Lab  
  32  3:15  SCV  
  32  3:17  SCV  
  34  3:26  Refinery  
  34  3:27  SCV  
  34  3:28  Hellion  
  34  3:29  SCV  
  34  3:30  Hellion  
  40  3:39  SCV, Marine  
  40  3:41  SCV  
  43  3:44  Banshee  
  43  3:48  Supply Depot  
  46  3:51  SCV  
  46  3:53  SCV, Orbital Command  
  48  3:57  Barracks Tech Lab  
  48  4:03  SCV  
  48  4:05  SCV  
  50  4:16  SCV  
  51  4:17  SCV, Barracks  
  51  4:19  Marine  
  51  4:20  Stimpack, Barracks  
  51  4:21  Supply Depot  
  51  4:23  SCV  
  54  4:26  Factory Reactor  
  54  4:29  SCV x2  
  56  4:38  Engineering Bay  
  56  4:39  Engineering Bay, Orbital Command  
  56  4:41  SCV x2, Starport Reactor, Refinery  
  56  4:42  Refinery  
  58  4:49  Supply Depot  
  58  4:52  Marine  
  59  4:53  SCV x2  
  61  5:05  SCV x2  
  61  5:06  Terran Infantry Weapons Level 1  
  63  5:09  Marine x2, Terran Infantry Armor Level 1  
  63  5:14  SCV  
  64  5:16  Marine x3  
  64  5:17  SCV  
  64  5:18  SCV  
  64  5:20  Supply Depot  
  69  5:23  Supply Depot  
  69  5:24  Supply Depot, Siege Tank  
  69  5:26  SCV  
  69  5:27  Marine  
  74  5:29  SCV  
  74  5:30  SCV  
  74  5:31  Marine  
  74  5:33  Marine  
  74  5:34  Marine  
  79  5:36  Medivac  
  79  5:38  SCV  
  79  5:41  SCV  
  79  5:42  Medivac, SCV, Barracks  
  84  5:43  Barracks  
  84  5:48  Supply Depot  
  86  5:52  SCV  
  86  5:53  SCV  
  86  5:54  SCV  
  86  5:57  Siege Tank  
  92  5:58  Marine  
  92  5:59  Marine x3  
  92  6:02  Refinery  
  96  6:04  SCV  
  96  6:06  Supply Depot  
  90  6:12  Medivac x2  
  90  6:13  SCV x2  
  90  6:16  SCV  
  97  6:18  Armory  
  97  6:24  Supply Depot  
  97  6:25  SCV x2  
  99  6:28  SCV, Marine x5  
  99  6:30  Supply Depot, Combat Shield  
  105  6:37  SCV x2  
  110  6:40  SCV  
  110  6:42  Missile Turret x2  
  110  6:43  Widow Mine  
  110  6:44  Barracks Reactor  
  110  6:45  Barracks Reactor  
  110  6:50  SCV x2  
  110  6:52  SCV  
  113  6:59  Command Center  
  113  7:02  Factory  
  113  7:05  Widow Mine, Supply Depot  
  113  7:07  Supply Depot, Terran Infantry Weapons Level 2  
  113  7:08  Refinery  
  115  7:14  Terran Infantry Armor Level 2  
  115  7:24  Marauder  
  115  7:27  Barracks  
  115  7:28  Barracks x2  
  117  7:30  Marine x7, Supply Depot  
  117  7:31  Marine  
  125  7:37  Medivac x2  
  125  7:41  Widow Mine  
  125  7:43  Missile Turret  
  131  7:44  Supply Depot, Terran Vehicle Weapons Level 1  
  131  7:46  Factory Reactor  
  131  7:50  Marine x4  
  131  7:51  Marine x5  
  140  7:56  SCV x3  
  140  8:04  Thor  
  146  8:07  Medivac x2  
  150  8:13  SCV x2  
  150  8:14  SCV  
  150  8:17  Marauder, Barracks Tech Lab x3  
  154  8:20  Marine  
  154  8:21  Marine x6  
  154  8:24  Widow Mine x2, Missile Turret  
  165  8:38  Marauder  
  165  8:39  Medivac x2  
  165  8:40  Sensor Tower  
  171  8:45  Marauder x3, Widow Mine x2  
  181  8:49  Supply Depot  
  181  8:51  Supply Depot  
  181  8:53  Missile Turret  
  181  8:54  Missile Turret  
  181  9:01  Supply Depot  
  181  9:03  Planetary Fortress  
  180  9:11  Thor, SCV x2  
  180  9:13  SCV, Widow Mine x2  
  180  9:16  Missile Turret  
  193  9:18  Marauder, Sensor Tower  
  193  9:23  Marauder x2  
  199  9:31  Missile Turret  
  199  9:32  Missile Turret  
  199  9:33  Missile Turret x3  
  199  9:37  Command Center  
  199  9:42  Refinery x2  
  199  9:54  Terran Infantry Weapons Level 3  
  199  9:55  Marauder  
  199  9:58  Engineering Bay  
  198  10:19  Terran Vehicle Weapons Level 2  
  198  10:25  Drilling Claws  
  198  10:26  Concussive Shells  
  194  10:32  Marauder x4  
  196  10:37  Terran Infantry Armor Level 3  
  196  10:39  Barracks  
  196  10:40  Barracks x2  
  196  10:41  Widow Mine x2  
  200  10:59  Command Center  
  200  11:00  Command Center  
  200  11:07  Marine  
  200  11:08  Marauder x4, Marine x7, Refinery  
  200  11:09  Widow Mine x3  
  159  11:17  Medivac x2  
  151  11:20  Refinery  
  151  11:25  Marine  
  143  11:26  Marine x7  
  143  11:29  Marauder x4  
  143  11:30  Thor, Planetary Fortress  
  143  11:31  Missile Turret  
  143  11:32  Missile Turret  
  165  11:34  SCV  
  165  11:35  SCV x2  
  165  11:38  Widow Mine x2  
  172  11:43  Marine x3  
  175  11:47  Marine  
  175  11:48  Marine x4  
  175  11:50  Marauder, Marine  
  175  11:51  Marauder  
  184  12:00  Widow Mine x2  
  188  12:07  Marauder  
  182  12:09  Marauder, Marine  
  182  12:12  Marauder  
  182  12:13  Widow Mine, Orbital Command  
  188  12:21  Widow Mine  
  188  12:22  Widow Mine  
  176  12:27  Marauder, Marine x6  
  176  12:29  Marauder  
  184  12:31  Barracks Reactor, Barracks Tech Lab  
  184  12:32  Barracks Tech Lab  
  184  12:34  Thor  
  188  12:38  Medivac x2  
  188  12:43  Widow Mine x2  
  182  12:44  Marauder x2  
  182  12:49  Marine x4  
  179  12:54  Marine x2  
  181  13:04  Widow Mine x2  
  181  13:05  Marauder x4, Marine x3  
  196  13:06  Marauder  
  196  13:07  Marine x2  
  196  13:12  Command Center  
  196  13:24  Marauder  
  196  13:26  Marauder  
  200  13:32  Marauder x4, Marine x5  
  200  13:37  Orbital Command  
  189  13:57  Marine x2  
  189  13:58  Marine x10  
  189  14:00  Marine  
  189  14:01  Marauder  
  200  14:12  Command Center  
  200  14:14  Marine x2  
  200  14:15  Marine x5  
  189  14:22  Medivac x2  
  189  14:23  Thor  
  167  14:24  Widow Mine x2, Marine  
  167  14:25  Marauder x2, Marine x2  
  167  14:26  Marine x4  
  167  14:30  SCV x5  
  172  14:32  Marine x2  
  172  14:33  Marine x4  
  178  14:42  SCV  
  178  14:45  Marauder x2, Widow Mine x2  
  185  14:46  Marauder x2  
  193  15:04  Liberator x2  
  193  15:07  Widow Mine  
  185  15:29  Widow Mine  
  185  15:30  Widow Mine x2  
  185  15:31  Marauder x6  
  185  15:32  Marine x7  
  194  15:47  Medivac x2  
  194  15:49  Command Center  
  198  15:52  Marauder  
  196  16:05  Widow Mine x2  
  200  16:18  Ghost Academy  
  200  16:26  Command Center  
  197  16:35  Planetary Fortress  
  197  16:49  Missile Turret  
  197  16:50  Missile Turret, Personal Cloaking, Sensor Tower  
  197  16:52  Hi-Sec Auto Tracking  
  197  16:56  Command Center, Refinery x2  
  197  16:59  Command Center  
  195  17:13  Sensor Tower  
  195  17:19  Missile Turret  
  195  17:22  Ghost x4  
  192  17:26  Starport  
  192  17:28  Fusion Core  
  192  17:29  Missile Turret  
  191  17:51  Missile Turret  
  191  17:53  Sensor Tower  
  191  17:55  Planetary Fortress  
  191  18:01  Command Center, Ghost x5  
  191  18:02  Ghost  
  196  18:09  Widow Mine x2  
  199  18:14  Orbital Command x2  
  199  18:27  Unknown  
  199  18:29  Advanced Ballistics, Starport Reactor  
  199  18:31  Starport x2  
  197  18:41  Missile Turret  
  197  18:42  Missile Turret  
  197  18:44  Liberator x2  
  197  18:46  Missile Turret x2  
  194  18:57  Nuke  
  194  19:10  Ghost Academy  
  194  19:17  Missile Turret  
  194  19:20  Missile Turret  
  194  19:23  Missile Turret  
  194  19:31  Starport Reactor  
  194  19:32  Starport Reactor  
  194  19:40  Missile Turret  
  194  19:43  Missile Turret x2  
  186  19:48  Liberator x2, Viking  
  186  19:49  Viking  
  186  19:51  Siege Tank  
  186  19:52  Widow Mine x2  
  192  19:58  Marauder x4  
  200  20:01  Marine x4  
  200  20:06  Marine  
  200  20:07  Marine x5  
  193  20:13  Missile Turret  
  177  20:15  Missile Turret  
  164  20:23  Ghost x2  
  164  20:24  Medivac x3  
  164  20:28  SCV x5  
  176  20:30  Sensor Tower, Missile Turret  
  176  20:31  Planetary Fortress  
  176  20:36  Liberator x3  
  176  20:37  Medivac x2  
  176  20:42  Marauder x2, Marine x2  
  194  20:45  Marine x3  
  197  20:54  Liberator  
  195  21:04  Missile Turret  
  195  21:06  Siege Tank  
  174  21:12  Orbital Command  
  174  21:14  Orbital Command  
  144  21:21  Marine  
  144  21:22  Marauder, Marine x5  
  144  21:25  Marine x3  
  146  21:27  Widow Mine x2  
  151  21:38  Siege Tank  
  148  21:43  Marauder x2, Marine x4  
  148  21:44  Marauder x4, Marine x6  
  148  21:45  Orbital Command  
  165  21:48  Widow Mine x2  
  165  21:51  Orbital Command  
  160  22:01  Marine x9  
  160  22:02  Marine  
  160  22:05  Marauder  
  147  22:10  Widow Mine x2, Siege Tank  
  147  22:11  Medivac  
  156  22:28  Orbital Command  
  141  22:31  Widow Mine, Ghost  
  141  22:32  Ghost x3, Orbital Command  
  141  22:33  Orbital Command  
  133  22:38  Widow Mine  
  133  22:43  Widow Mine  
  126  22:44  Medivac  
  126  22:49  Medivac x3  
  126  22:50  Marine x2  
  134  22:52  Widow Mine  
  125  23:00  SCV x6  
  125  23:01  SCV  
  132  23:12  Widow Mine x2  
  134  23:13  Marauder x5, Marine  
  134  23:14  Widow Mine, Marine  
  134  23:16  Marine x4  
  134  23:19  Marine x2  
  153  23:23  Marauder  
  156  23:30  Marine x2  
  156  23:31  Marine x2  
  156  23:34  Marauder, Marine x5  
  160  23:35  Missile Turret  
  160  23:36  Marine x2  
  110  24:21  Ghost  
  110  24:23  Marine  
  110  24:24  Marine x2  
Show
View Real Time Build Order
Export as new Build Order

Dark Zerg - Winner!

Build Orders: Hatch First, Muta Ling Bane 

Get SALT Encoding   

  12  0:00  Drone  
  13  0:11  Overlord  
  13  0:16  Drone  
  14  0:30  Drone x2  
  16  0:48  Hatchery  
  15  0:51  Drone  
  15  0:54  Drone  
  18  0:57  Drone  
  18  1:08  Extractor  
  17  1:13  Spawning Pool  
  17  1:15  Drone  
  17  1:18  Drone  
  18  1:27  Drone  
  19  1:42  Drone  
  20  1:50  Drone  
  21  2:00  Queen x2  
  25  2:01  Zergling x2  
  25  2:02  Zergling x2  
  27  2:14  Overlord  
  27  2:15  Drone  
  28  2:20  Hatchery  
  27  2:23  Drone  
  28  2:32  Drone x2  
  28  2:33  Drone  
  30  2:41  Queen  
  30  2:43  Metabolic Boost  
  32  2:49  Overlord  
  32  2:53  Drone  
  32  2:54  Drone  
  32  2:56  Drone  
  35  3:07  Overlord  
  35  3:09  Drone  
  35  3:10  Drone x3  
  39  3:16  Queen  
  39  3:17  Drone  
  43  3:20  Drone  
  43  3:32  Queen  
  43  3:34  Overlord  
  45  3:38  Zergling x8  
  49  3:43  Evolution Chamber  
  48  3:48  Drone  
  48  3:53  Drone x4  
  48  3:54  Drone x4  
  57  3:59  Queen  
  57  4:01  Drone  
  60  4:09  Overlord  
  60  4:10  Queen  
  60  4:17  Drone x3, Lair  
  64  4:21  Extractor  
  64  4:22  Drone  
  64  4:23  Overlord  
  65  4:27  Overlord  
  65  4:29  Drone x3  
  65  4:30  Drone  
  69  4:32  Drone  
  70  4:38  Drone x2  
  70  4:39  Drone  
  70  4:40  Baneling Nest  
  70  4:42  Drone x3  
  70  4:43  Drone  
  76  4:48  Drone  
  76  4:51  Spore Crawler  
  76  4:52  Spore Crawler  
  75  4:53  Drone x2  
  75  4:54  Drone x3  
  75  4:56  Spore Crawler  
  75  4:57  Drone  
  75  4:58  Drone  
  81  5:05  Overlord  
  81  5:07  Extractor  
  81  5:09  Extractor, Drone x2  
  81  5:10  Overlord  
  81  5:11  Overlord  
  81  5:13  Overlord  
  81  5:14  Extractor  
  81  5:15  Extractor, Overlord  
  81  5:17  Drone x2  
  81  5:22  Spire  
  81  5:24  Drone  
  81  5:25  Evolution Chamber  
  81  5:26  Zergling x4  
  82  5:28  Drone x2  
  82  5:32  Overseer  
  82  5:34  Drone x2  
  86  5:45  Drone  
  86  5:47  Centrifical Hooks  
  86  5:48  Hatchery  
  86  5:50  Spore Crawler  
  86  5:53  Spore Crawler  
  84  5:59  Hatchery  
  84  6:01  Drone x2  
  84  6:02  Zergling x12  
  93  6:09  Drone x5  
  95  6:20  Overlord x2  
  95  6:23  Overlord  
  96  6:25  Zergling x4  
  97  6:33  Mutalisk  
  97  6:34  Mutalisk x5  
  97  6:36  Zerg Flyer Weapons Level 1  
  97  6:37  Zergling x4  
  111  6:42  Zerg Melee Weapons Level 1  
  111  6:44  Zerg Ground Armor Level 1  
  111  6:46  Zergling x4  
  113  6:54  Zergling x14  
  113  6:55  Zergling x2  
  113  7:00  Overlord  
  122  7:01  Drone x3  
  122  7:03  Drone x2  
  122  7:05  Overlord  
  126  7:11  Overlord, Drone x3  
  129  7:22  Drone x2  
  131  7:23  Drone x6  
  131  7:24  Extractor  
  136  7:31  Baneling x3  
  136  7:32  Baneling x4  
  136  7:34  Zergling x12  
  136  7:35  Zergling x8  
  146  7:39  Drone  
  146  7:56  Hatchery, Mutalisk  
  146  7:57  Mutalisk x8  
  163  8:03  Mutalisk x2  
  167  8:09  Zergling x18  
  176  8:14  Zergling x2  
  176  8:15  Zergling x10  
  182  8:24  Overlord x2  
  181  8:27  Overlord x2  
  181  8:28  Pneumatized Carapace  
  181  8:30  Zerg Flyer Weapons Level 2  
  181  8:37  Zerg Melee Weapons Level 2  
  181  8:40  Zerg Ground Armor Level 2  
  181  8:43  Drone x2  
  181  8:47  Infestation Pit  
  182  8:50  Zergling x28  
  196  8:58  Mutalisk x2  
  198  9:06  Drone  
  199  9:10  Zergling x2  
  199  9:11  Overseer x3  
  199  9:17  Baneling x5  
  200  9:19  Baneling x4  
  200  9:24  Hive  
  200  9:35  Spore Crawler  
  200  9:36  Drone  
  195  10:24  Hatchery  
  195  10:26  Zergling x14  
  197  10:28  Baneling  
  197  10:29  Baneling x34  
  197  10:31  Baneling x16  
  197  10:32  Zergling x4  
  199  10:49  Zergling x2  
  197  10:50  Zergling x6  
  197  10:54  Zergling x8  
  197  10:55  Baneling x4  
  197  10:56  Baneling  
  143  11:11  Mutalisk  
  143  11:12  Mutalisk x5  
  143  11:16  Zergling x62  
  143  11:17  Zergling x34  
  193  11:21  Zergling x10  
  193  11:22  Zergling x10  
  193  11:24  Drone x2  
  199  11:29  Adrenal Glands  
  199  11:30  Zergling x4  
  199  11:32  Zerg Melee Weapons Level 3  
  199  11:41  Overlord  
  199  11:47  Zerg Ground Armor Level 3  
  199  11:55  Drone, Spore Crawler  
  199  11:59  Zerg Flyer Weapons Level 3  
  199  12:00  Baneling  
  195  12:08  Zergling x2  
  195  12:09  Zergling x8  
  188  12:26  Zergling x24  
  188  12:28  Zergling x2  
  188  12:29  Baneling x9  
  200  12:30  Baneling x8  
  200  12:31  Baneling x3  
  196  12:41  Zergling x2  
  196  12:43  Hatchery  
  190  12:47  Ultralisk Cavern  
  189  12:53  Zergling x2, Hatchery  
  189  12:54  Zergling x22  
  189  12:55  Baneling  
  189  12:56  Baneling x9  
  199  13:03  Zergling x4  
  200  13:09  Baneling x6  
  200  13:10  Baneling x9  
  199  13:20  Zergling x2  
  194  13:31  Zergling x20  
  194  13:32  Zergling x12  
  191  13:35  Chitinous Plating  
  191  13:36  Zergling x8  
  191  13:40  Ultralisk  
  191  13:41  Zergling x6  
  199  13:42  Baneling  
  199  13:43  Baneling x7  
  199  13:44  Zergling x4  
  199  13:47  Baneling x3  
  199  13:53  Zergling x28  
  194  14:00  Zergling x16  
  191  14:03  Baneling  
  191  14:04  Baneling x14  
  191  14:05  Zergling x18  
  164  14:20  Ultralisk  
  164  14:21  Zergling x24  
  140  14:24  Zergling x2  
  140  14:28  Zergling x6  
  129  14:34  Ultralisk  
  129  14:35  Zergling x10  
  129  14:36  Zergling x2  
  129  14:37  Baneling x2  
  141  14:38  Zergling x2  
  141  14:39  Hatchery  
  141  14:40  Baneling x2  
  141  14:41  Baneling  
  141  14:45  Corruptor  
  140  14:46  Corruptor  
  143  14:55  Ultralisk  
  148  15:01  Anabolic Synthesis  
  148  15:02  Zergling x8  
  152  15:08  Zergling x12  
  152  15:09  Zergling x2  
  159  15:21  Corruptor x3  
  157  15:29  Zergling x2  
  157  15:30  Zergling x22  
  165  15:38  Drone  
  165  15:39  Drone x6  
  165  15:41  Zergling x2  
  165  15:42  Zergling x6  
  176  15:51  Zergling x8  
  173  16:04  Zergling x8  
  173  16:10  Overlord x5  
  176  16:11  Overseer x2  
  176  16:14  Zergling x4, Baneling  
  176  16:15  Baneling x8  
  178  16:22  Zerg Flyer Armor Level 1  
  178  16:31  Zergling x20  
  183  16:35  Baneling x4  
  183  16:36  Zergling x2  
  183  16:37  Zergling x2  
  183  16:39  Drone x3, Spore Crawler  
  187  16:40  Baneling x2  
  187  16:41  Zergling x2  
  187  16:42  Zergling x4  
  187  16:47  Overseer  
  190  16:51  Zergling x6  
  193  16:54  Overseer  
  193  16:55  Zergling x12  
  197  17:20  Hatchery  
  195  17:27  Zergling x20  
  200  17:33  Zergling x2  
  200  17:34  Zergling x2  
  200  17:36  Baneling x2  
  200  17:37  Baneling  
  199  17:38  Hatchery  
  198  17:48  Zergling x10  
  199  18:03  Zergling x2  
  199  18:04  Zergling x20  
  199  18:06  Zergling x2  
  199  18:23  Pathogen Glands  
  199  18:24  Extractor  
  198  18:29  Zergling x2  
  198  18:38  Baneling x4  
  197  18:47  Zergling x10  
  197  18:48  Zergling x2  
  199  18:50  Zergling x2  
  200  19:03  Baneling x2  
  200  19:14  Baneling x2  
  199  19:27  Zergling x2  
  199  19:28  Zergling x2  
  199  19:30  Baneling x3  
  199  19:31  Baneling x2  
  189  19:48  Zergling x30  
  189  19:52  Baneling x3  
  200  19:53  Spore Crawler  
  200  19:56  Spore Crawler  
  200  19:57  Extractor  
  191  20:08  Zergling x2  
  191  20:09  Zergling x26  
  190  20:14  Zerg Flyer Armor Level 2  
  190  20:18  Corruptor x8  
  190  20:20  Zergling x14  
  199  20:21  Burrow  
  199  20:26  Zergling x6  
  197  20:28  Nydus Network  
  197  20:29  Zergling x4  
  197  20:30  Baneling x7  
  197  20:31  Baneling x2  
  197  20:33  Zergling x2  
  199  20:40  Extractor, Baneling x6  
  199  20:41  Baneling  
  197  20:43  Zergling x8  
  197  20:47  Zergling x2  
  197  20:48  Baneling  
  199  20:52  Zergling x2  
  199  20:54  Baneling x13  
  199  20:56  Zergling x2  
  200  20:58  Zergling x2  
  200  21:01  Zergling x6  
  196  21:10  Ultralisk  
  183  21:12  Zergling x18  
  183  21:15  Zergling x2  
  183  21:16  Zergling x24  
  188  21:19  Ultralisk  
  173  21:26  Zergling x10, Overlord, Ultralisk x2  
  173  21:27  Overlord x3  
  182  21:33  Zergling x16  
  182  21:35  Overseer  
  187  21:42  Zergling x8  
  189  21:47  Ultralisk  
  189  21:48  Zergling x2  
  189  21:49  Zergling x6  
  189  21:53  Zergling x8  
  199  21:59  Zergling x10  
  195  22:01  Zergling x4  
  195  22:02  Zergling x4  
  195  22:03  Ultralisk  
  195  22:05  Zergling x4  
  195  22:07  Zergling x2  
  200  22:11  Zergling x2  
  197  22:16  Zergling x2  
  197  22:17  Zergling x6, Unknown, Overseer x3  
  181  22:36  Ultralisk x2  
  172  22:37  Zergling x2  
  172  22:38  Zergling x36  
  172  22:39  Zergling x2  
  185  22:44  Zergling x4  
  185  22:49  Ultralisk x2  
  189  22:56  Zergling x12  
  186  23:02  Baneling x18  
  186  23:05  Zergling x18  
  195  23:10  Zergling x2  
  195  23:11  Zergling x6  
  199  23:19  Extractor  
  198  23:21  Extractor  
  198  23:23  Zergling x4  
  195  23:35  Zergling x2  
  195  23:36  Zergling x4  
  195  23:40  Zergling x24  
  195  23:41  Zergling x2  
  195  23:45  Ultralisk x2  
  195  23:48  Zergling x4  
  169  24:04  Ultralisk x2  
  169  24:07  Zergling x2  
  169  24:08  Zergling x16  
  169  24:09  Zergling x16  
  193  24:10  Zergling x22  
  193  24:16  Zergling x2  
  197  24:17  Overlord  
  197  24:21  Overseer x2  
  197  24:24  Zergling x2  
  198  24:36  Zergling x4  
  198  24:37  Baneling x4  
  200  24:38  Baneling x2  
  200  24:40  Hatchery  
  200  24:41  Zergling x2  
  200  24:45  Zergling x2  

Tags
 
Add a new tag
Caveats
  • Supply blocks, unpowered buildings, or Contaminate may cause inaccurate times.
  • Supply counts are checked every 10 seconds.